 Dungeon Crawl Stone Soup version 0.17.0-28-g6e173f8 (webtiles) character file.

56 PossumBlood the Conjurer (level 3, -2/19 HPs)
             Began as a Deep Elf Conjurer on Nov 25, 2015.
             Slain by a gnoll
             ... wielding a +0 spear
              (4 damage)
             ... on level 2 of the Dungeon.
             The game lasted 00:05:46 (1500 turns).

PossumBlood the Conjurer (Deep Elf Conjurer)        Turns: 1500, Time: 00:05:46

Health: -2/19      AC:  5    Str:  5    XL:     3   Next: 69%
Magic:  0/9        EV:  7    Int: 20    God:
Gold:   94         SH:  0    Dex: 15    Spells: 1 memorised, 7 levels left

rFire  . . .     SeeInvis .     h - +0 dagger
rCold  . . .     Clarity  .     a - +0 robe
rNeg   . . .     SustAt   .     (no shield)
rPois  .         Gourm    .     (no helmet)
rElec  .         Spirit   .     (no cloak)
rCorr  .         Warding  .     (no gloves)
rMut   .         Stasis   .     r - +2 pair of boots
MR     .....                    (no amulet)
Stlth  ++........               (no ring)
                                (no ring)

@: held, not resistant to hostile enchantments, unstealthy
A: no striking features
a: no special abilities


You were on level 2 of the Dungeon.
You were not hungry.

You visited 1 branch of the dungeon, and saw 2 of its levels.

You collected 94 gold pieces.

Inventory:

Hand Weapons
 h - a +0 dagger (weapon)
Armour
 a - a +0 robe (worn)
 r - a +2 pair of boots (worn)
Jewellery
 q - an uncursed amulet of guardian spirit {unknown}
Scrolls
 j - a scroll of remove curse {unknown}
 l - 2 scrolls of magic mapping {unknown}
 n - 2 scrolls of blinking {unknown}
 o - 2 scrolls of identify {unknown}
Potions
 e - a potion of resistance {unknown}
 f - a potion of lignification {unknown}
 i - a potion of curing {unknown}
 k - a potion of beneficial mutation {unknown}
 m - a potion of might {unknown}
Books
 b - a book of Conjurations

   Spells                             Type                      Level
   a - Magic Dart                     Conjuration                  1
   b - Searing Ray                    Conjuration                  2
   c - Dazzling Spray                 Conjuration/Hexes            3
   d - Fulminant Prism                Conjuration/Hexes            4
   e - Iskenderun's Mystic Blast      Conjuration                  4
   f - Iskenderun's Battlesphere      Conjuration/Charms           5
Comestibles
 c - 2 bread rations
 d - 2 meat rations
 g - 4 fruits


   Skills:
 - Level 2.4 Dodging
 - Level 2.4 Stealth
 - Level 3.0 Spellcasting
 * Level 5.9 Conjurations


You had 7 spell levels left.
You knew the following spells:

 Your Spells              Type           Power        Failure   Level  Hunger
a - Magic Dart            Conj           ####         1%          1    None


Dungeon Overview and Level Annotations

Branches:
Dungeon (2/15)

Altars:
Fedhas
Qazlal


Message History

Drink which item? (? for menu, Esc to quit)
It was a potion of heal wounds.
You feel much better. The gnoll hits you with a spear!
The gnoll closely misses you.
You slip out of the net!
The gnoll closely misses you. The gnoll misses you.
The gnoll hits you from afar with a spear.
The gnoll throws a throwing net.
The throwing net hits you.
You become entangled in the net!
You see here a throwing net.
You try to slip out of the net.
The gnoll hits you from afar with a spear.
* * * LOW HITPOINT WARNING * * *
Casting: Magic Dart
Confirm with . or Enter, or press ? or * to list all spells.
Aiming: Magic Dart
Press: ? - help, Shift-Dir - straight line, f/p - gnoll
Aim: a gnoll, wielding a spear (severely wounded)
The magic dart hits the gnoll.
You kill the gnoll!
The gnoll hits you from afar with a spear.
You die...

.........###.####...#.#..###.....
..#.)....# #.# #.#.#............
..#......###.####........###.#...
..#..........#.......#.......#...
..#.#.##.#.....[.....#.......#...
......##.............#..####.#...
....#.##.............#..# #.##..
......##..####.......#..####.##..
#<###.##......g)@............##..
### #.####.###.##'#####.#######[.
#####+##.[......#.# #......##..
........#.#.##..#.# #...##.##..
........#.#..#).#.#####.......#..
........#.##.#..#.#...........#.#
#####+###.##....#.#.###..###.....
. #..##...#.#.###..# ##.#.# ..
#..##...#.....#[.# #....


You could see a gnoll.

Vanquished Creatures
  2 gnolls (D:2)
  A worm (D:2)
  2 ball pythons
  2 giant cockroaches (D:2)
  6 goblins
  2 hobgoblins (D:1)
  9 kobolds
  5 giant newts
  2 jackals (D:1)
  5 rats
36 creatures vanquished.

Notes
Turn   | Place    | Note
--------------------------------------------------------------
     0 | D:1      | PossumBlood the Deep Elf Conjurer began the quest for the Orb.
     0 | D:1      | Reached XP level 1. HP: 10/10 MP: 6/6
   461 | D:1      | Reached XP level 2. HP: 15/15 MP: 4/8
   517 | D:1      | Reached skill level 5 in Conjurations
   958 | D:2      | Found a blossoming altar of Fedhas.
  1190 | D:2      | Reached XP level 3. HP: 19/19 MP: 7/9
  1342 | D:2      | Found a faded altar to an unknown god.
  1354 | D:2      | Found a stormy altar of Qazlal.
  1500 | D:2      | Slain by a gnoll

Action                   || total
-------------------------++-------
 Cast: Magic Dart        ||    67
  Use: Potion            ||     1
  Eat: Fruit             ||     2
